 Dungeon Crawl Stone Soup version 0.27-a0-1442-g87b6fcb595 (webtiles) character file.

Game seed: 16733825842984230373

9 avis the Insei (level 1, 0/15 HPs)
             Began as a Demigod Transmuter on July 5, 2021.
             Slain by a bat (1 damage)
             ... on level 1 of the Dungeon.
             The game lasted 00:04:12 (945 turns).

avis the Insei (Demigod Transmuter)                  Turns: 945, Time: 00:04:13

Health: 0/15       AC:  2    Str: 11    XL:     1   Next: 86%
Magic:  4/5        EV: 12    Int: 15    God:
Gold:   47         SH:  0    Dex: 14    Spells: 2/3 levels left

rFire    . . .     SeeInvis .     - Unarmed
rCold    . . .     Faith    .   (no shield)
rNeg     . . .     Spirit   .   a - +0 robe
rPois    .         Reflect  .   (helmet currently unavailable)
rElec    .         Harm     .   (no cloak)
rCorr    .         Rampage  .   (no gloves)
Will     .....                  (boots currently unavailable)
Stlth    +.........             (no amulet)
HPRegen  0.05/turn              (no ring)
MPRegen  0.09/turn              (no ring)

@: appendages (expiring)
A: horns 2, talons 2, high mp 1, forlorn
a: End Transformation


You were on level 1 of the Dungeon.
You had temporarily grown beastly horns and talons.
You visited 1 branch of the dungeon, and saw 2 of its levels.

You collected 47 gold pieces.

Inventory:

Hand Weapons
 i - a +1 dagger of freezing
Missiles
 c - 35 stones
 f - 17 sling bullets
Armour
 a - a +0 robe (worn)
 b - a +0 leather armour
 h - a scarf of harm
Jewellery
 g - a ring of fire
Scrolls
 d - 2 scrolls of enchant armour {unknown}
Potions
 e - a potion of heal wounds {unknown}


   Skills:
 - Level 0.8 Fighting
 - Level 1.7 Dodging
 * Level 3.2 Unarmed Combat
 - Level 1.7 Spellcasting
 - Level 1.7 Transmutations


You had 2 spell levels left.
You knew the following spells:

 Your Spells              Type           Power      Damage    Failure   Level
a - Beastly Appendage     Tmut           12%        N/A       11%         1

Your spell library contained the following spells:

 Spells                   Type           Power      Damage    Failure   Level
 Wereblood                Tmut           6%         N/A       17%         2
 Spider Form              Tmut/Pois      1%         N/A       43%         3
 Ice Form                 Ice/Tmut       3%         N/A       85%         4


Dungeon Overview and Level Annotations

Branches:
Dungeon (2/15)

Shops:
D:1 :

Annotations:
D:2 Robin


Innate Abilities, Weirdness & Mutations

You have temporarily grown beastly horns and talons.
Your attributes grow dramatically as you level up.
You have an increased reservoir of magic. (+10% MP)
You shall have no god before yourself.


Message History

You hear a shout! x2
Found a glass ring.
There is a stone staircase leading up here.
You hear a shout!
The hobgoblin hits you.
You climb upwards.
Your transformation is almost over.
There is a stone staircase leading down here.
You start resting.
Magic restored.
You start resting.
Your horns disappear.
Your talons disappear.
You start resting.
HP restored.
Casting: Beastly Appendage (safe; 11% risk of failure)
Confirm with . or Enter, or press ? or * to list all spells.
You grow a pair of large bovine horns.
Your feet morph into talons.
Your transformation is almost over.
You climb downwards.
Level annotation: Robin A goblin comes into view.
It is wielding a +0 dagger.
The goblin shouts!
You hear a shout! x2; The goblin shouts!
The bat barely misses you. The hobgoblin hits you.
The goblin closely misses you. The hobgoblin hits you.
The goblin hits you with a +0 club.
There is a stone staircase leading up here.
The bat hits you but does no damage. The bat closely misses you.
The hobgoblin hits you.
* * * LOW HITPOINT WARNING * * *
The goblin hits you with a +0 club.
* * * LOW HITPOINT WARNING * * *
You climb upwards.
There is a stone staircase leading down here.
You hit the goblin.
The goblin is severely wounded.
The bat closely misses you. The goblin closely misses you.
You hit the goblin.
You kill the goblin!
The bat closely misses you. The bat hits you.
You die...

#####.#####....###.##..##.##.#.##
#.........## ###...##.###.###
#######.### ##....+..# #.# # #.#
#..♣..#..# #.# #
#.#######....##.# #.# #
#.#.....##...##.###.#
#>#.#######..##.....###
#.#.#####.##.#....†....
#.#..)@bg.....#####....
#.#..####.###.# #####
#.#..###...##.# # #.#........##.#
# #.#...##...##.# #
##.#...#######.#### # ##..#.....#
#....# # #.###..##.# ##.##.# #
##...#..#.####...#.######


You could see a hobgoblin and a bat.

Vanquished Creatures
  A dart slug (D:1)
  4 goblins (D:1)
  A hobgoblin (D:1)
  A rat (D:1)
7 creatures vanquished.

Notes
Turn   | Place    | Note
-------+----------+-------------------------------------------
     0 | D:1      | avis the Demigod Transmuter began the quest for the Orb.
     0 | D:1      | Reached XP level 1. HP: 15/15 MP: 5/5
    48 | D:1      | Found Haclystri's Book Shop.
   288 | D:1      | Reached skill level 3 in Unarmed Combat
   869 | D:2      | Noticed Robin
   945 | D:1      | Slain by a bat

Illustrated notes

Levels and vault maps discovered:
D:1:      amcnicky_arrival_feature_with_door, layout_loops_ring, serial_shops,
          nicolae_shop_window_shopping, shapermc_ecumenical_altar_venn
D:2:      layout_basic, minmay_misc_feat_columns, st_stairs_13,
          minmay_quantized, uniq_sigmund, uniq_robin

Skill      XL: |  1 |
---------------+----+-----
Unarmed Combat | 3 |  3.2
Fighting       | |  0.8
Dodging        | |  1.7
Spellcasting   | |  1.7
Transmutations | |  1.7

Action                   || total
-------------------------++-------
Melee: Unarmed           ||    17
       Kick              ||     7
       Headbutt          ||     1
 Cast: Beastly Appendage ||     9
 Stab: Sleeping          ||     1
Armor: Robe              ||     2
Dodge: Dodged            ||    12

Table legend: (Time is in decaauts)
 A = Elapsed time spent in this place.
 B = Non-inter-level travel time spent in this place.
 C = Inter-level travel time spent in this place.
 D = Time resting spent in this place.
 E = Time spent auto-exploring this place.
 F = Levels seen in this place.
 G = Mean time per level.
                   A        B        C        D        E       F      G
               +--------+--------+--------+--------+--------+-----+--------+
         Total |    947 |    850 |     97 |    193 |    534 |   2 |  473.5 |
       Dungeon |    947 |    850 |     97 |    193 |    534 |   2 |  473.5 |
               +--------+--------+--------+--------+--------+-----+--------+

Top non-repeatable levels by time:
     D:1: 926 daAuts
     D:2: 21 daAuts
